Map: Incorporeal LE

Players

ManlyManMeat - Winner!

  • Race: Zerg Zerg
  • Spawn Location: 11:00

IIIIIIIIIIII

  • Race: Terran Terran
  • League: Gold
  • Spawn Location: 5:00

VOD

Have the link to the VOD?

Description

Time

  • Played on: May 14, 2025, 5:15 p.m.
  • Length: 11:52
Show
View Real Time Build Order
Export as new Build Order

ManlyManMeat Zerg - Winner!

Build Orders: Hatch First 

Get SALT Encoding   

  12  0:07  Overlord  
  12  0:12  Drone  
  13  0:16  Drone  
  14  0:26  Drone  
  15  0:32  Drone  
  16  0:49  Hatchery  
  15  0:52  Drone  
  16  1:10  Spawning Pool  
  15  1:15  Drone x2  
  17  1:25  Drone  
  18  1:45  Drone x2  
  20  1:48  Extractor  
  19  2:02  Zergling x6  
  22  2:09  Queen  
  22  2:10  Queen  
  22  2:12  Drone x2  
  28  2:22  Overlord  
  28  2:45  Zergling x8  
  32  2:55  Drone x2  
  34  3:01  Queen  
  36  3:09  Extractor  
  36  3:12  Overlord  
  35  3:14  Drone  
  36  3:34  Drone x8  
  43  3:55  Zergling x2  
  43  3:58  Overlord x3  
  42  4:06  Overlord  
  42  4:07  Overlord  
  42  4:17  Overlord x2  
  40  4:18  Zergling x8  
  42  4:39  Queen x2  
  45  4:46  Zergling x12  
  50  4:56  Overlord x2  
  50  5:05  Zergling x4  
  51  6:04  Lair  
  51  6:06  Drone x2  
  51  6:07  Drone x3  
  53  6:41  Overlord x3  
  53  6:43  Hatchery  
  53  6:45  Drone, Hatchery  
  52  6:48  Extractor x2  
  49  7:06  Drone x13  
  61  7:14  Metabolic Boost  
  60  7:20  Drone x2, Evolution Chamber  
  60  7:22  Evolution Chamber  
  60  7:24  Evolution Chamber  
  57  7:45  Spore Crawler  
  57  7:46  Spore Crawler  
  57  7:47  Spore Crawler  
  57  7:48  Spore Crawler  
  57  7:49  Spore Crawler  
  52  7:55  Zergling x2  
  52  7:56  Zergling x16  
  60  8:13  Spire  
  59  8:22  Spore Crawler  
  59  8:23  Spore Crawler  
  59  8:25  Spore Crawler  
  55  8:34  Drone x3  
  55  8:36  Queen  
  60  8:44  Infestation Pit  
  58  8:52  Drone x13  
  58  8:55  Overlord  
  69  8:56  Overlord  
  69  8:57  Overlord x3  
  69  9:11  Zergling x4  
  71  9:20  Extractor  
  71  9:22  Extractor  
  69  9:25  Queen  
  67  10:08  Mutalisk  
  67  10:09  Mutalisk x17  
  101  10:19  Zergling x30  
  115  10:24  Extractor  
  115  10:25  Drone, Extractor  
  109  11:00  Mutalisk x2  
  113  11:06  Drone x4  
  113  11:07  Drone x12  
Show
View Real Time Build Order
Export as new Build Order

IIIIIIIIIIII Terran 

Build Orders:  

Get SALT Encoding   

  12  0:14  Supply Depot  
  12  0:19  Refinery  
  12  0:23  SCV  
  13  0:35  SCV  
  14  0:57  Barracks  
  14  1:08  Barracks  
  14  1:10  SCV  
  15  1:42  SCV  
  16  1:47  Refinery  
  16  1:53  Supply Depot, Barracks  
  16  1:54  SCV  
  16  2:01  Marine  
  18  2:05  Bunker  
  17  2:43  Barracks  
  16  3:04  Marine  
  17  3:13  Supply Depot  
  17  3:16  Factory  
  17  3:17  Orbital Command  
  17  3:20  Marine  
  17  3:22  Marine  
  19  3:31  Marine  
  20  3:38  Marine  
  20  3:40  Marine  
  22  3:43  Bunker  
  22  3:49  Marine  
  23  3:56  Marine  
  23  4:02  Marine  
  21  4:07  Marine  
  21  4:14  Marine  
  21  4:16  Factory Tech Lab  
  21  4:20  Marine  
  21  4:24  Marine  
  19  4:31  Marine  
  19  4:37  Marine  
  20  4:42  Marine  
  20  4:49  Marine  
  18  4:55  Marine  
  19  5:10  Starport  
  16  5:33  Siege Tank  
  19  5:45  Barracks  
  19  5:47  Engineering Bay  
  19  5:48  Liberator  
  22  5:54  Barracks Tech Lab  
  22  6:06  Siege Tank  
  25  6:27  Marauder  
  25  6:31  Liberator  
  30  6:42  Marine  
  30  6:46  Barracks  
  31  6:49  Marauder  
  33  7:00  Marine  
  34  7:06  Barracks  
  34  7:09  Barracks  
  31  7:18  Marine  
  31  7:19  Marauder  
  32  7:36  Marine  
  33  7:53  Marine  
  33  7:54  Marine  
  33  7:57  Marine x2  
  37  8:00  Marine  
  36  8:11  Marine x2  
  38  8:15  Marine  
  38  8:19  Marine x2  
  35  8:28  Marine  
  35  8:29  Marine  
  37  8:37  Marine x2  
  37  8:39  Supply Depot  
  39  8:50  Marine x2  
  39  8:55  Marine  
  33  8:58  Marine  
  33  9:01  Marine  
  31  9:04  Terran Infantry Weapons Level 1  
  31  9:08  Marine  
  32  9:13  Marine  
  32  9:16  Marine  
  33  9:19  Marine  
  34  9:25  Marine  
  34  9:30  Marine  
  38  9:34  Marine  
  38  9:37  Marine  
  33  9:43  Marine  
  31  9:45  Starport Tech Lab  
  31  9:48  Marine  
  31  9:49  Cyclone  
  31  9:52  Marine  
  36  9:54  Marine  
  37  10:01  Marine  
  37  10:06  Marine  
  36  10:08  Command Center  
  30  10:27  Cloaking Field  
  26  10:29  Banshee  
  25  10:59  Marine x3  
  28  11:07  Marine  
  28  11:09  Bunker  
  29  11:16  Marine  
  24  11:22  Marine  
Tags
 
League
Gold
Matchup
TvZ
Replay Pack
Multiplayer
Spawn Locations
Cross Positions
Add a new tag
Caveats
  • Supply blocks, unpowered buildings, or Contaminate may cause inaccurate times.
  • Supply counts are checked every 10 seconds.